 Dungeon Crawl Stone Soup version 0.30-a0-23-ge60ba3568b (webtiles) character file.

Game seed: 2804336592603829585

3118 Sobieck the Basher (level 9, -1/88 HPs)
             Began as an Ogre Gladiator on Aug 24, 2022.
             Slain by an unseen horror (5 damage)
             ... on level 7 of the Dungeon.
             The game lasted 00:15:52 (10455 turns).

Sobieck the Basher (Ogre Gladiator)                Turns: 10455, Time: 00:15:52

Health: -1/88      AC: 11    Str: 24    XL:     9   Next: 91%
Magic:  9/9        EV: 10    Int:  9    God:
Gold:   452        SH:  0    Dex: 10    Spells: 8/8 levels left

rFire   . . .      SeeInvis .    D - +0 morningstar (protect) {mace}
rCold   + . .      Faith    .    (no shield)
rNeg    . . .      Spirit   .    b - +0 robe
rPois   .          Reflect  .    c - +0 hat
rElec   .          Harm     .    B - +0 cloak
rCorr   +          Rampage  .    (gloves unavailable)
Will    .....                    (boots unavailable)
Stlth   +.........               (no amulet)
HPRegen 0.24/turn                y - ring of protection from cold
MPRegen 0.11/turn                T - ring of resist corrosion

@: under a protective aura
A: large, unfitting armour, tough skin 1
a: no special abilities


You were on level 7 of the Dungeon.
You visited 1 branch of the dungeon, and saw 7 of its levels.

You collected 452 gold pieces.


Innate Abilities, Weirdness & Mutations

You are too large for most types of armour.
You have tough skin. (AC +1)


   Skills:
 + Level 5.2 Fighting
 * Level 11.8 Maces & Flails
 - Level 2.0 Throwing
 - Level 2.6 Dodging
 + Level 2.6 Evocations


You had 8 spell levels left.
You didn't know any spells.
Your spell library contained the following spells:

 Spells                   Type           Power      Damage    Failure   Level
 Call Canine Familiar     Summ           0%         N/A       77%         3
 Ignite Poison            Fire/Tmut/Pois 0%         N/A       77%         3
 Mephitic Cloud           Conj/Pois/Air  0%         N/A       77%         3
 Portal Projectile        Hex/Tloc       0%         N/A       77%         3
 Leda's Liquefaction      Hex/Erth       0%         N/A       99%         4
 Fire Storm               Conj/Fire      0%         5d1       100%        9

Inventory:

Hand Weapons
 a - a +2 whip of electrocution {mace}
   (You took it off a gnoll on level 5 of the Dungeon)
 h - a +3 short sword of venom {short}
   (You took it off a kobold on level 1 of the Dungeon)
 D - a +0 morningstar of protection (weapon) {mace}
   (You found it on level 4 of the Dungeon)
 K - a +0 flail {mace}
 M - a +2 whip of freezing {mace}
   (You took it off Pikel on level 5 of the Dungeon)
Missiles
 d - 4 throwing nets {=f!fthrowing}
 e - 3 large rocks (quivered) {=fthrowing}
 f - 54 stones {throwing}
 i - 8 boomerangs {throwing}
 k - 2 atropa-tipped darts {throwing}
 m - 15 poisoned darts {throwing}
Armour
 b - a +0 robe (worn)
 c - a +0 hat (worn)
 g - a scarf of harm
   (You found it on level 1 of the Dungeon)
 u - a +0 robe
   (You found it on level 2 of the Dungeon)
 v - a +0 robe
   (You found it on level 2 of the Dungeon)
 w - a +0 robe
   (You took it off an orc wizard on level 2 of the Dungeon)
 x - a +0 robe
   (You took it off an orc wizard on level 3 of the Dungeon)
 B - a +0 cloak (worn)
   (You found it on level 3 of the Dungeon)
 F - a +0 robe
   (You found it on level 4 of the Dungeon)
 H - a +0 robe
   (You took it off Dowan on level 6 of the Dungeon)
 J - a +0 robe
   (You took it off a wight on level 6 of the Dungeon)
 L - a +0 robe
   (You took it off Pikel on level 5 of the Dungeon)
 N - a +0 robe
   (You took it off a wight on level 6 of the Dungeon)
 Q - a +0 robe
   (You took it off an orc wizard on level 5 of the Dungeon)
 R - a +0 robe
   (You took it off an orc wizard on level 5 of the Dungeon)
 V - a +0 robe
   (You took it off a wight on level 6 of the Dungeon)
 W - a +0 robe
   (You found it on level 6 of the Dungeon)
Magical Staves
 q - a staff of death {!astaff}
   (You found it on level 2 of the Dungeon)
Jewellery
 y - a ring of protection from cold (left hand)
   (You found it on level 3 of the Dungeon)
 P - a ring of magical power
   (You found it on level 5 of the Dungeon)
 T - a ring of resist corrosion (right hand)
   (You found it on level 5 of the Dungeon)
Wands
 I - a wand of roots (16)
   (You took it off Eustachio on level 4 of the Dungeon)
Scrolls
 j - 2 scrolls of summoning
 l - 3 scrolls of butterflies
 o - a scroll of blinking {!r}
 p - 2 scrolls of enchant armour
 r - 2 scrolls of immolation {!r!r}
 t - 2 scrolls of enchant weapon
 S - a scroll of teleportation {unknown}
Potions
 n - 5 potions of curing {@q1}
 s - a potion of flight
 z - a potion of magic
 A - a potion of heal wounds {@q2}
 C - a potion of mutation {!q}
 E - a potion of might
 G - a potion of haste {@q3}
 O - a potion of brilliance
 U - a potion of ambrosia {unknown}

Dungeon Overview and Level Annotations

Branches:
Dungeon (7/15) Zot: 26381
 Temple: D:4-7

Altars:
Dithmenos
Elyvilon
Wu Jian
Zin

Shops:
D:6

*
#.....##.....##...####
+..>...###.###........
#.................####
#.......##.......#
#.....# #####.###
#...# #.# #'# #.# #{#
#o# #@# #.# .. ##.##
#C# ...##.<.## #.#
..........# #.#
.........########.#
.....#....).......#
....###############
...# ###


There were no monsters in sight!


Message History

An orc comes into view. It is wielding a +0 hand axe.
Unknown command.
The orc shouts!
You sock the orc warrior!
Your weapon exudes an aura of protection.
You barely miss the orc warrior.
The orc warrior hits you with a +0 mace.
* * * LOW HITPOINT WARNING * * *
Unknown command.
The orc warrior attacks as you move away!
The orc warrior hits you with a +0 mace.
* * * LOW HITPOINT WARNING * * *
The orc warrior attacks as you move away!
The orc warrior hits you with a +0 mace.
* * * LOW HITPOINT WARNING * * *
There is a stone staircase leading up here.
The orc warrior hits you with a +0 mace!
* * * LOW HITPOINT WARNING * * *
You climb upwards.
There is a stone staircase leading down here.
Unknown command.
You hit the orc warrior but do no damage.
Your weapon exudes an aura of protection.
The orc warrior hits you with a +0 mace.
* * * LOW HITPOINT WARNING * * *
You puncture the orc warrior!
You kill the orc warrior!
Your life force feels restored.
Your Evocations skill increases to level 2!
Things that are here:
a +0 mace {mace}; a +0 chain mail; an orc corpse Unknown command.
There is a stone staircase leading down here.
You start resting.
You start waiting.
Done waiting.
Unknown command.
You climb downwards.
There is a stone staircase leading up here.
Unknown command.
Unknown command.
Danger!
Unknown command.
You bludgeon the cyclops!!
Your weapon exudes an aura of protection.
The cyclops closely misses you.
You sock the cyclops! The cyclops hits you!!
You hit the cyclops. You puncture the cyclops! The cyclops hits you!
* * * LOW HITPOINT WARNING * * *
Unknown command.
You bludgeon the cyclops!!
You kill the cyclops!
Your Fighting skill increases to level 5!
You hit the orc. The orc hits you but does no damage.
You thump the orc!
You kill the orc!
Unknown command.
e - 3 large rocks {=fthrowing} (gained 2)
Things that are here:
a +0 hand axe {axe}; an orc corpse; a cyclops corpse
Things that are here:
a +0 hand axe {axe}; an orc corpse; a cyclops corpse Unknown command.
You start resting.
Unknown command.
You open the door.
Found an escape hatch in the floor.
There is an open door here.
Danger!
Something hits you.
Deactivating autopickup; reactivate with Ctrl-A.
Something hits you. Something hits you!
Unknown command.
Something hits you! Something hits you.
You hit something.
Your weapon exudes an aura of protection.
Something hits you. Something completely misses you. Something hits you.
There is an open door here.
Something hits you. Something hits you!
* * * LOW HITPOINT WARNING * * *
Something hits you!
* * * LOW HITPOINT WARNING * * *
Something completely misses you.
You barely miss something. Something hits you.
* * * LOW HITPOINT WARNING * * *
Something hits you!
* * * LOW HITPOINT WARNING * * *
Something hits you.
* * * LOW HITPOINT WARNING * * *
Danger!
You miss something. Something hits you!
* * * LOW HITPOINT WARNING * * *
You puncture something!
Your weapon exudes an aura of protection.
Something hits you but does no damage. x3
You closely miss something. Something hits you.
You die...

Skill      XL: |  1  2  3  4  5  6  7  8  9 |
---------------+----------------------------+-----
Maces & Flails | 3 4 5 7 9 10 11 | 11.8
Fighting       | 5 |  5.2
Evocations     | 2 |  2.6
Throwing       | |  2.0
Dodging        | |  2.6

Action                   |  1- 3 |  4- 6 |  7- 9 || total
-------------------------+-------+-------+-------++-------
Melee: Flail             |    24 |       |       ||    24
       Punch             |     1 |     1 |     3 ||     5
       Short sword       |    47 |   201 |    16 ||   264
       Morningstar       |       |       |   214 ||   214
       Whip              |       |       |    12 ||    12
Throw: Boomerang         |       |       |     2 ||     2
       Large rock        |       |       |     1 ||     1
  Use: Scroll            |       |    12 |     7 ||    19
 Stab: Sleeping          |       |       |     1 ||     1
Armor: Robe              |    17 |    39 |    92 ||   148
Dodge: Dodged            |    34 |   105 |   126 ||   265

Levels and vault maps discovered:
D:1:      tarquinn_simple_flora_water_e, layout_loops_ring,
          hellmonk_ecumenical_altar_arch_garden, minmay_unequal
D:2:      layout_loops_corners, uniq_terence
D:3:      layout_rooms, serial_corexii_hall, corexii_hall_statues_l,
          corexii_hall_statues_l, corexii_hall_statues_x,
          minmay_increasing_density
D:4:      layout_cave_pools, nicolae_dithmenos_the_darkroom, uniq_eustachio,
          uniq_menkaure, uniq_ijyb
D:5:      layout_basic, minmay_bent, uniq_pikel
D:6:      layout_basic, zin_purify, gammafunk_temple_overflow_statue,
          corexii_checkpoint_a, uniq_prince_ribbit1, uniq_duvessa
D:7:      minmay_the_grid_octo_tiled_octocenter
          [minmay_the_grid_octo_vomiting_pacman,
          minmay_the_grid_octo_fan_narrow, minmay_the_grid_octo_checkerflower,
          minmay_the_grid_octo_odd_swirl,
          minmay_the_grid_octo_prize_square_snowflake,
          minmay_the_grid_square_5x5_two_walls_b,
          minmay_the_grid_square_5x5_trominoes,
          minmay_the_grid_square_5x5_checkered_statues,
          minmay_the_grid_square_5x5_one_wall], layout_loops_corners,
          minmay_temple_entry_mist, uniq_joseph

Notes
Turn   | Place    | Note
-------+----------+-------------------------------------------
     0 | D:1      | Sobieck the Ogre Gladiator began the quest for the Orb.
     0 | D:1      | Reached XP level 1. HP: 22/22 MP: 1/1
    54 | D:1      | Found a faded altar of an unknown god.
   208 | D:1      | Reached skill level 3 in Maces & Flails
   437 | D:1      | Reached XP level 2. HP: 29/29 MP: 2/2
   825 | D:1      | Reached XP level 3. HP: 36/36 MP: 3/3
   898 | D:1      | You pick up a book of the Hunter and begin reading...
   898 | D:1      | You add the spells Call Canine Familiar, Portal Projectile
                  | and Leda's Liquefaction to your library.
  1109 | D:2      | Noticed Terence
  1121 | D:2      | Killed Terence
  1122 | D:2      | Reached skill level 4 in Maces & Flails
  1311 | D:2      | Reached XP level 4. HP: 33/44 MP: 4/4
  2721 | D:3      | Reached skill level 5 in Maces & Flails
  2721 | D:3      | Reached XP level 5. HP: 27/50 MP: 5/5
  3405 | D:3      | Reached XP level 6. HP: 37/59 MP: 6/6
  3554 | D:3      | Reached skill level 6 in Maces & Flails
  4508 | D:4      | Noticed Menkaure
  4547 | D:4      | Noticed Ijyb
  4584 | D:4      | Killed Ijyb
  5454 | D:4      | Reached skill level 7 in Maces & Flails
  5454 | D:4      | Reached XP level 7. HP: 56/66 MP: 7/7
  5540 | D:4      | Noticed Eustachio
  5554 | D:4      | HP: 14/66 [river rat[Eustachio] (6)]
  5558 | D:4      | Killed Eustachio
  5936 | D:4      | Killed Menkaure
  5937 | D:4      | Reached skill level 8 in Maces & Flails
  6277 | D:4      | Found a shadowy altar of Dithmenos.
  6378 | D:5      | Entered Level 5 of the Dungeon
  6585 | D:5      | Noticed Pikel
  6608 | D:5      | Killed Pikel
  6609 | D:5      | Reached skill level 9 in Maces & Flails
  6609 | D:5      | Reached XP level 8. HP: 59/74 MP: 8/8
  7129 | D:5      | Reached skill level 10 in Maces & Flails
  7744 | D:6      | Noticed Prince Ribbit
  7757 | D:6      | Killed Prince Ribbit
  7758 | D:6      | Reached XP level 9. HP: 77/80 MP: 9/9
  7782 | D:6      | Noticed Dowan
  7923 | D:6      | Reached skill level 11 in Maces & Flails
  7950 | D:6      | You add the spells Mephitic Cloud, Ignite Poison and Fire
                  | Storm to your library.
  7950 | D:6      | Got the Discourse on Hurtful Forms
  7963 | D:6      | Found Zin's Purification Station.
  7966 | D:6      | Found a glowing silver altar of Zin.
  8358 | D:6      | Reached skill level 3 in Fighting
  8462 | D:6      | Noticed a troll
  8475 | D:6      | Killed a troll
  8476 | D:6      | Reached skill level 1 in Evocations
  8849 | D:6      | Noticed Duvessa
  8861 | D:6      | Killed Duvessa
  9047 | D:6      | Killed Dowan
  9048 | D:6      | Reached skill level 4 in Fighting
  9498 | D:6      | Found a white marble altar of Elyvilon.
  9498 | D:6      | Found an ornate altar of the Wu Jian Council.
  9862 | D:7      | Noticed a cyclops
  9902 | D:6      | Reached skill level 2 in Evocations
 10240 | D:7      | Killed a cyclops
 10241 | D:7      | Reached skill level 5 in Fighting
 10452 | D:7      | HP: 17/88 [something (9)]
 10453 | D:7      | HP: 3/88 [something (9)]
 10455 | D:7      | Slain by an unseen horror

Vanquished Creatures
  Pikel (D:5)
  A cyclops (D:7)
  A troll (D:6)
  Prince Ribbit (D:6)
  Eustachio (D:4)
  Menkaure (D:4)
  Duvessa (D:6)
  2 orc warriors (D:6)
  A bullfrog (D:5)
  A gnoll sergeant (D:5)
  3 scorpions
  3 wights (D:6)
  Dowan (D:6)
  A howler monkey (D:5)
  3 hounds
  3 jellies
  3 orc priests
  Ijyb (D:4)
  4 orc wizards
  Terence (D:2)
  2 iguanas
  7 gnolls
  6 adders
  2 shadow imps
  An ufetubus (D:5)
  4 worms
  2 dart slugs
  24 orcs
  4 ball pythons
  A bat (D:1)
  7 endoplasms
  4 giant cockroaches
  9 goblins
  5 hobgoblins
  7 quokkas
  4 frilled lizards
  10 kobolds
  4 rats
137 creatures vanquished.

Table legend:
 A = Non-vault XP
 B = Vault XP
 C = Vault XP percentage of total XP
 D = Non-vault monster count
 E = Vault monster count
 F = Vault count percentage of total count
                 A         B        C        D         E       F
            +---------+---------+-------+---------+---------+-------
      Total |    2001 |    2454 |  55.1 |     112 |      25 |  18.2
            +---------+---------+-------+---------+---------+-------
        D:1 |      39 |       3 |   7.1 |      22 |       2 |   8.3
        D:2 |     114 |      36 |  24.0 |      20 |       1 |   4.8
        D:3 |     290 |      11 |   3.7 |      25 |       6 |  19.4
        D:4 |     114 |     394 |  77.6 |       9 |       3 |  25.0
        D:5 |     610 |     797 |  56.6 |      17 |       5 |  22.7
        D:6 |     834 |     622 |  42.7 |      19 |       6 |  24.0
        D:7 |       0 |     591 | 100.0 |       0 |       2 | 100.0
            +---------+---------+-------+---------+---------+-------

Illustrated notes

Table legend:
 A = Kills in this place as a percentage of kills in entire the game.
 B = Kills by you in this place as a percentage of kills by you in the entire game.
 C = Kills by friends in this place as a percentage of kills by friends in the entire game.
 D = Other kills in this place as a percentage of other kills in the entire game.
 E = Experience gained in this place as a percentage of experience gained in the entire game.
 F = Experience gained in this place divided by the number of levels of this place that you have seen.
                   A       B       C       D       E      F
               +-------+-------+-------+-------+-------+----------------------
         Total | 100.0 | 100.0 |   N/A |   N/A | 100.0 | 636.4
       Dungeon | 100.0 | 100.0 |   N/A |   N/A | 100.0 | 636.4
               +-------+-------+-------+-------+-------+----------------------

Table legend: (Time is in decaauts)
 A = Elapsed time spent in this place.
 B = Non-inter-level travel time spent in this place.
 C = Inter-level travel time spent in this place.
 D = Time resting spent in this place.
 E = Time spent auto-exploring this place.
 F = Levels seen in this place.
 G = Mean time per level.
                   A        B        C        D        E       F      G
               +--------+--------+--------+--------+--------+-----+--------+
         Total |  10498 |  10264 |    234 |   4308 |   4503 |   7 | 1499.7 |
       Dungeon |  10498 |  10264 |    234 |   4308 |   4503 |   7 | 1499.7 |
               +--------+--------+--------+--------+--------+-----+--------+

Top non-repeatable levels by time:
     D:2: 2246 daAuts
     D:6: 1998 daAuts
     D:3: 1810 daAuts
     D:5: 1719 daAuts
     D:4: 1333 daAuts
     D:1: 1105 daAuts
     D:7: 284 daAuts
